 Dungeon Crawl Stone Soup version 0.19.1 (webtiles) character file.

476 lorenzova the Conjurer (level 6, -6/32 HPs)
             Began as a Deep Elf Conjurer on Dec 1, 2016.
             Shot with an arrow by a centaur (15 damage)
             ... on level 5 of the Dungeon.
             The game lasted 00:10:14 (4000 turns).

lorenzova the Conjurer (Deep Elf Conjurer)          Turns: 4000, Time: 00:10:14

Health: -6/32      AC:  4    Str:  5    XL:     6   Next: 85%
Magic:  2/18       EV: 13    Int: 22    God:
Gold:   205        SH:  0    Dex: 15    Spells: 3 memorised, 9 levels left

rFire  . . .     SeeInvis .     m - +1 dagger (venom)
rCold  . . .     Gourm    .     a - +0 robe
rNeg   + . .     Faith    .     (no shield)
rPois  .         Spirit   .     (no helmet)
rElec  .         Reflect  .     C - +0 cloak
rCorr  .         Harm     .     (no gloves)
MR     .....                    v - +0 pair of boots
Stlth  ++........               (no amulet)
                                (no ring)
                                q - ring of positive energy

@: no status effects
A: no striking features
a: no special abilities


You were on level 5 of the Dungeon.
You were not hungry.

You visited 1 branch of the dungeon, and saw 5 of its levels.

You collected 205 gold pieces.

Inventory:

Hand Weapons
 e - a +0 dagger
 m - a +1 dagger of venom (weapon)
 n - a +0 hand axe of freezing
Armour
 a - a +0 robe (worn)
 v - a +0 pair of boots (worn)
 C - a +0 cloak (worn)
Magical Staves
 r - an uncursed staff of earth
Jewellery
 q - a ring of positive energy (left hand)
Wands
 x - a wand of disintegration (13/24)
Scrolls
 d - 3 scrolls of remove curse {unknown}
 g - 3 scrolls of identify {unknown}
 h - 4 scrolls of teleportation {unknown}
 k - a scroll of fog {unknown}
 p - a scroll of random uselessness {unknown}
 s - a scroll of immolation {unknown}
 w - a scroll of blinking {unknown}
 y - a scroll of magic mapping {unknown}
 B - a scroll of enchant armour {unknown}
Potions
 i - a potion of cancellation {unknown}
 j - 2 potions of curing {unknown}
 o - a potion of agility
 t - a potion of flight {unknown}
 u - a potion of lignification {unknown}
Books
 b - a book of Conjurations

   Spells                             Type                      Level
   a - Magic Dart                     Conjuration                  1
   b - Searing Ray                    Conjuration                  2
   c - Dazzling Spray                 Conjuration/Hexes            3
   d - Fulminant Prism                Conjuration/Hexes            4
   e - Iskenderun's Mystic Blast      Conjuration                  4
   f - Iskenderun's Battlesphere      Conjuration/Charms           5
Comestibles
 c - 3 bread rations
 f - 4 meat rations
 l - a slice of pizza
 z - a fruit
 A - a chunk of flesh


   Skills:
 - Level 2.4 Dodging
 - Level 2.4 Stealth
 * Level 7.0 Spellcasting
 * Level 7.1 Conjurations
 + Level 1.7 Charms


You had 9 spell levels left.
You knew the following spells:

 Your Spells              Type           Power        Failure   Level  Hunger
a - Magic Dart            Conj           ####         1%          1    None
b - Iskenderun's Mystic   Conj           #####...     6%          4    ###....
c - Iskenderun's Battles  Conj/Chrm      ####....     38%         5    #####..


Dungeon Overview and Level Annotations

Branches:
Dungeon (5/15)
 Temple: D:4-7

Altars:
Gozag
Makhleb
Sif Muna

Annotations:
D:4 Sigmund


Message History

The centaur shoots an arrow.
The arrow closely misses you.
Casting: Iskenderun's Mystic Blast
Confirm with . or Enter, or press ? or * to list all spells.
Aiming: Iskenderun's Mystic Blast
Press: ? - help, Shift-Dir - straight line, f/p - centaur
Aim: a centaur, wielding a shortbow (heavily wounded)
The orb of energy hits the centaur.
The centaur is severely wounded.
The centaur shoots an arrow.
The arrow hits you!
The centaur shoots an arrow.
The arrow hits you!
* * * LOW HITPOINT WARNING * * *
Casting: Iskenderun's Mystic Blast
Confirm with . or Enter, or press ? or * to list all spells.
Aiming: Iskenderun's Mystic Blast
Press: ? - help, Shift-Dir - straight line, f/p - centaur
Aim: a centaur, wielding a shortbow (severely wounded)
The orb of energy hits the centaur.
The centaur is almost dead.
The centaur shoots an arrow.
The arrow hits you!
You die...

#........
#c..(....
#........
#........
+........ #.
#....<... #.
#........ #.#
#@.......
#.####(.......
#............#
#.............
#.............
#.............
#............#
#.########+###
#.#


You could see a centaur.

Vanquished Creatures
  A bullfrog (D:4)
  2 orc priests
  5 orc wizards
  Ijyb (D:2)
  A worker ant (D:4)
  7 adders
  2 worms
  3 dart slugs
  2 leopard geckos (D:3)
  14 orcs
  6 giant cockroaches
  6 goblins
  10 hobgoblins
  5 jackals
  6 kobolds
  2 quokkas
  A ball python (D:4)
  5 bats
  4 frilled lizards (D:3)
  3 rats
86 creatures vanquished.

Notes
Turn   | Place    | Note
-------+----------+-------------------------------------------
     0 | D:1      | lorenzova the Deep Elf Conjurer began the quest for the Orb.
     0 | D:1      | Reached XP level 1. HP: 10/10 MP: 6/6
   238 | D:1      | Reached XP level 2. HP: 15/15 MP: 1/8
   792 | D:1      | Reached skill level 5 in Conjurations
   829 | D:1      | Reached XP level 3. HP: 13/19 MP: 1/10
  1200 | D:2      | Noticed Ijyb
  1210 | D:2      | Killed Ijyb
  1231 | D:2      | Reached XP level 4. HP: 24/24 MP: 0/12
  1296 | D:2      | Learned a level 4 spell: Iskenderun's Mystic Blast
  1715 | D:2      | Reached skill level 5 in Spellcasting
  2095 | D:3      | Reached XP level 5. HP: 23/28 MP: 5/14
  2620 | D:3      | Reached XP level 6. HP: 23/32 MP: 3/17
  2627 | D:3      | Learned a level 5 spell: Iskenderun's Battlesphere
  2778 | D:3      | Found a burning altar of Makhleb.
  2842 | D:3      | Found an opulent altar of Gozag.
  3305 | D:4      | Found a deep blue altar of Sif Muna.
  3590 | D:4      | Noticed Sigmund
  3767 | D:4      | Reached skill level 1 in Charms
  3980 | D:5      | Entered Level 5 of the Dungeon
  4000 | D:5      | Shot with an arrow by a centaur

Skill      XL: |  1  2  3  4  5  6 |
---------------+-------------------+-----
Conjurations   | 5 6 7 |  7.1
Spellcasting   | 4 5 6 7 |  7.0
Charms         | 1 |  1.7
Dodging        | |  2.4
Stealth        | |  2.4

Action                   |  1- 3 |  4- 6 || total
-------------------------+-------+-------++-------
Melee: Dagger            |    20 |     1 ||    21
 Cast: Magic Dart        |    67 |   141 ||   208
       Iskenderun's Myst |       |    10 ||    10
  Eat: Chunk             |       |    10 ||    10
Armor: Robe              |    12 |     1 ||    13
Dodge: Dodged            |    50 |    13 ||    63
